 Dungeon Crawl Stone Soup version 0.14.1-26-g5a19342 (webtiles) character file.

25802 Kae the Slingshot (level 13, 0/72 HPs)
             Began as a Halfling Hunter on July 24, 2014.
             Was a High Priest of Okawaru.
             Slain by a baby alligator (16 damage)
             ... on Level 6 of the Lair of Beasts.
             The game lasted 00:45:40 (20239 turns).

Kae the Slingshot (Halfling Hunter)                Turns: 20239, Time: 00:45:40

HP   0/72        AC  7     Str  9      XL: 13   Next: 48%
MP  13/13        EV 16     Int 11      God: Okawaru [*****.]
Gold 589         SH  0     Dex 21      Spells:  0 memorised, 12 levels left

rFire  . . .     SeeInvis .     f - +6,+1 sling (flame)
rCold  . . .     Clarity  .     d - +0 leather armour
rNeg   + . .     Conserve .     (no shield)
rPois  +         rCorr    +     E - +1 hat
rElec  .         rRot     .     h - +1 ratskin cloak {rPois rN+ Dex-1 Int-1}
SustAb . .       Spirit   .     (no gloves)
rMut   .         Warding  .     w - +0 pair of boots
Saprov . . .     Stasis   .     g - amulet of resist corrosion
MR     +....                    k - ring "Muri" {MR+ Int+1}
                                x - +3 ring of evasion

@: non-regenerating, badly diseased, somewhat resistant to hostile enchantments,
fairly stealthy
A: mutation resistance 1, slow metabolism 1
a: Heroism, Finesse, Renounce Religion


You were on level 6 of the Lair of Beasts.
You worshipped Okawaru.
Okawaru was extremely pleased with you.
You were very hungry.

You visited 3 branches of the dungeon, and saw 17 of its levels.
You also visited: Sewer and Ice Cave.

You collected 977 gold pieces.
You spent 388 gold pieces at shops.

Inventory:

Hand weapons
 a - a +0,+0 short sword
 b - a +3,+4 sling
 f - a +6,+1 sling of flame (weapon)
Missiles
 c - 45 sling bullets (quivered)
 o - 13 poisoned sling bullets
 v - 8 sling bullets of flame
 B - 15 silver sling bullets
 D - 15 sling bullets of frost
 P - 15 exploding sling bullets
Armour
 d - a +0 leather armour (worn)
 h - the +1 ratskin cloak (worn) {rPois rN+ Dex-1 Int-1}
   (You found it on level 9 of the Dungeon)

   It affects your intelligence (-1).
   It affects your dexterity (-1).
   It protects you from poison.
   It protects you from negative energy.
 w - a +0 pair of boots (worn)
 E - a +1 hat (worn)
Magical devices
 q - a wand of teleportation (4) {unknown}
 F - a wand of frost (13)
 G - a wand of disintegration (19)
 Q - a wand of polymorph (5) {unknown}
Comestibles
 s - 4 meat rations
 z - a pear
 A - 6 apples
 L - a bread ration
Scrolls
 e - a scroll of silence {unknown}
 j - 5 scrolls of teleportation
 n - 6 scrolls of remove curse
 t - 7 scrolls of identify
 u - 3 scrolls of vulnerability
 y - a scroll of torment {unknown}
 I - a scroll of holy word {unknown}
 K - a scroll of magic mapping
Jewellery
 g - an amulet of resist corrosion (around neck)
 k - the ring "Muri" (right hand) {MR+ Int+1}
   (You bought it in a shop on level 8 of the Dungeon)

   [ring of protection from magic]

   It affects your intelligence (+1).
 x - a +3 ring of evasion (left hand)
 J - an uncursed ring of protection from fire {unknown}
 M - an uncursed ring of protection from cold
 N - an uncursed ring of fire {unknown}
Potions
 i - 5 potions of curing
 l - 2 potions of invisibility
 m - a potion of agility
 r - a potion of might
 C - a potion of porridge
 H - a potion of flight
 O - 3 potions of haste


   Skills:
 - Level 0.8 Fighting
 + Level 26.5 Slings
 - Level 2.4 Dodging
 - Level 1.3 Stealth


You had 12 spell levels left.
You didn't know any spells.

Dungeon Overview and Level Annotations

Branches:
Dungeon (10/15)            Temple (1/1) D:6            Lair (6/8) D:8
  Swamp (0/5) Lair:6        Snake (0/5) Lair:3
    Orc: D:9-12       Slime: Lair:6-8

Altars:
Ashenzari
Cheibriados
Elyvilon
Fedhas
Kikubaaqudgha
Makhleb
Nemelex Xobeh
Okawaru
Trog
Yredelemnul
The Shining One
Jiyva

Shops:
D:7 (   D:8 *


Innate Abilities, Weirdness & Mutations

You are small and have problems with some larger weapons.
You are somewhat resistant to further mutation.
You have a slow metabolism.


Message History

Unknown command.
Firing (i - inventory. (,) - cycle):
c - 47 sling bullets (quivered)
Press: ? - help, Shift-Dir - straight line, f - baby alligator
Aim: a baby alligator You shoot a sling bullet of flame.
The sling bullet of flame hits the baby alligator.
The baby alligator is lightly wounded.
The baby alligator bites you!
* * * LOW HITPOINT WARNING * * *
Firing (i - inventory. (,) - cycle):
c - 46 sling bullets (quivered)
Press: ? - help, Shift-Dir - straight line, f/p - baby alligator
Aim: a baby alligator (lightly wounded)
You shoot a sling bullet of flame.
The sling bullet of flame hits the baby alligator.
The baby alligator is moderately wounded.
The baby alligator misses you.
Drink which item? (? for menu, Esc to quit)
You feel slightly nauseous.
It was a potion of poison.
The baby alligator bites you!
You die...

### §##P.###
§.§.§...#
..§§.§...#
..§§§(....##
...(.(...#.#
.....(....#
......(t...#
.......%@..#
...........#
..........##
..........#
.........##
..........#
.........##
........<.#
.....<..<.#


You could see a baby alligator.

Vanquished Creatures
  3 ice devils (IceCv)
  3 ice statues (IceCv)
  2 hill giants (D:10)
  A necromancer (IceCv)
  An oklob plant (Lair:5)
  2 black mambas (Lair:2)
  8 spiny frogs
  A fire drake (Lair:3)
  6 komodo dragons
  9 blue devils (IceCv)
  A griffon zombie (D:10)
  A two-headed ogre (D:10)
  9 blink frogs
  A basilisk (Lair:1)
  14 yaks
  A hungry ghost (D:9)
  A shark (Lair:1)
  9 hippogriffs
  A soldier ant (D:6)
  A tengu skeleton (D:9)
  2 necrophages (D:10)
  9 porcupines
  9 ice beasts
  3 phantoms
  6 water moccasins
  A sky beast (D:5)
  A black bear (D:7)
  A giant goldfish (Lair:1)
  6 ogres
  5 centaurs
  2 orc warriors
  Duvessa (D:8)
  2 big kobolds
  A brain worm (Lair:1)
  8 crocodiles
  6 giant slugs
  7 giant frogs
  4 scorpions
  7 killer bees
  2 crimson imps (D:8)
  2 draconian simulacra (IceCv)
  Dowan (D:8)
  4 goliath beetles
  A big fish (Sewer)
  9 orc priests
  9 hounds
  A jelly (D:5)
  3 orc wizards
  A spriggan simulacrum (IceCv)
  A two-headed ogre skeleton (D:10)
  An elf skeleton (D:7)
  2 troll simulacra (IceCv)
  5 iguanas
  8 worker ants
  4 worker ant zombies
  13 adders
  50 green rats
  An ogre simulacrum (IceCv)
  An orc skeleton (D:9)
  5 shadow imps
  9 giant mites
  A scorpion zombie (D:5)
  4 naga simulacra (IceCv)
  12 white imps (Lair:3)
  3 worms
  6 giant eyeballs
  9 giant geckos
  2 oozes (D:5)
  26 orcs
  A ball python (D:3)
  17 bats
  14 giant cockroaches
  8 goblins
  23 hobgoblins
  22 jackals
  16 kobolds
  9 quokkas
  A giant gecko zombie (D:6)
  4 giant newts
  3 giant spores
  A goblin skeleton (D:4)
  A hobgoblin zombie (D:8)
  3 kobold skeletons
  A quokka skeleton (D:5)
  A quokka zombie (D:5)
  33 rats
  A rat skeleton (D:5)
  7 ballistomycetes
  3 butterflies (D:6)
  A fungus (Lair:5)
  2 plants
524 creatures vanquished.

Vanquished Creatures (others)
  An orc (D:8)
  A fungus (Lair:1)
2 creatures vanquished.

Grand Total: 526 creatures vanquished

Notes
Turn   | Place    | Note
--------------------------------------------------------------
     0 | D:1      | Kae, the Halfling Hunter, began the quest for the Orb.
     0 | D:1      | Reached XP level 1. HP: 12/12 MP: 1/1
    65 | D:1      | Reached skill level 6 in Slings
   286 | D:1      | Reached XP level 2. HP: 16/18 MP: 2/2
   527 | D:1      | Found a sparkling altar of Nemelex Xobeh.
  1057 | D:2      | Reached skill level 7 in Slings
  1057 | D:2      | Reached XP level 3. HP: 18/22 MP: 3/3
  1753 | D:2      | Found a blossoming altar of Fedhas.
  1882 | D:2      | Reached XP level 4. HP: 19/27 MP: 4/4
  1971 | D:3      | Reached skill level 8 in Slings
  1977 | D:3      | Reached XP level 5. HP: 30/32 MP: 5/5
  2059 | D:3      | Found a glowing drain.
  2256 | Sewer    | Entered a sewer
  2261 | Sewer    | Reached skill level 9 in Slings
  2469 | Sewer    | Reached skill level 10 in Slings
  2469 | Sewer    | Reached XP level 6. HP: 30/37 MP: 6/6
  2534 | Sewer    | Found a white marble altar of Elyvilon.
  3652 | D:4      | Reached skill level 11 in Slings
  3652 | D:4      | Reached XP level 7. HP: 42/42 MP: 7/7
  4197 | D:5      | Entered Level 5 of the Dungeon
  4334 | D:5      | Reached skill level 12 in Slings
  4688 | D:5      | Reached XP level 8. HP: 47/47 MP: 8/8
  4708 | D:5      | Found a white marble altar of Elyvilon.
  4712 | D:5      | Found an ancient bone altar of Kikubaaqudgha.
  4737 | D:5      | Found a bloodstained altar of Trog.
  4745 | D:5      | Reached skill level 13 in Slings
  5126 | D:5      | Found a viscous altar of Jiyva.
  5396 | D:6      | Reached skill level 14 in Slings
  5571 | D:6      | Found a staircase to the Ecumenical Temple.
  5592 | Temple   | Entered the Ecumenical Temple
  5628 | Temple   | Became a worshipper of Warmaster Okawaru
  6080 | D:6      | Reached XP level 9. HP: 50/52 MP: 9/9
  6089 | D:6      | Reached skill level 15 in Slings
  6189 | D:7      | Acquired Okawaru's first power
  6353 | D:7      | Found Godur's Antique Weapon Boutique.
  6414 | D:7      | Reached skill level 16 in Slings
  7189 | D:7      | Reached skill level 17 in Slings
  7806 | D:8      | Reached XP level 10. HP: 57/57 MP: 7/10
  7817 | D:8      | Reached skill level 18 in Slings
  7947 | D:8      | Paralysed by a giant eyeball for 2 turns
  7993 | D:8      | Found a staircase to the Lair.
  8280 | D:8      | Found Mosad's Assorted Antiques.
  8292 | D:8      | Bought a shimmering jade ring for 165 gold pieces
  8292 | D:8      | Bought a large agate ring for 165 gold pieces
  8293 | D:8      | Bought a slimy red potion for 29 gold pieces
  8293 | D:8      | Bought a lumpy purple potion for 29 gold pieces
  8307 | D:8      | Identified the ring "Muri" {MR+ Int+1} (You bought it in a shop on level 8 of the Dungeon)
  8362 | D:8      | Found a burning altar of Makhleb.
  8626 | D:8      | Noticed Duvessa
  8626 | D:8      | Noticed Dowan
  8633 | D:8      | Killed Dowan
  8645 | D:8      | Killed Duvessa
  9234 | D:9      | Reached skill level 19 in Slings
  9455 | D:9      | Paralysed by a giant eyeball for 4 turns
  9462 | D:9      | Paralysed by a giant eyeball for 3 turns
  9722 | D:9      | Reached skill level 20 in Slings
  9942 | D:10     | Entered Level 10 of the Dungeon
 10063 | D:10     | Reached XP level 11. HP: 59/62 MP: 8/11
 10143 | D:10     | Noticed a hill giant
 10150 | D:10     | Killed a hill giant
 10611 | D:10     | Noticed a hill giant
 10633 | D:10     | Killed a hill giant
 10633 | D:10     | Reached skill level 21 in Slings
 11106 | D:10     | Received a gift from Okawaru
 11412 | Lair:1   | Entered Level 1 of the Lair of Beasts
 11946 | Lair:1   | Reached skill level 22 in Slings
 12086 | Lair:1   | Received a gift from Okawaru
 13291 | Lair:2   | Acquired Okawaru's second power
 13300 | Lair:2   | Reached XP level 12. HP: 9/67 MP: 12/12
 13539 | Lair:2   | Reached skill level 23 in Slings
 13864 | Lair:2   | Received a gift from Okawaru
 14693 | Lair:3   | Received a gift from Okawaru
 14985 | Lair:3   | Found a frozen archway.
 14993 | Lair:3   | Found a staircase to the Snake Pit.
 15038 | IceCv    | Entered an ice cave
 15498 | IceCv    | Received a gift from Okawaru
 15521 | IceCv    | Reached skill level 24 in Slings
 16923 | IceCv    | Reached skill level 25 in Slings
 17131 | Lair:3   | Reached XP level 13. HP: 62/72 MP: 13/13
 17785 | Lair:4   | Received a gift from Okawaru
 18208 | Lair:4   | Received a gift from Okawaru
 18959 | Lair:5   | Reached skill level 26 in Slings
 20212 | Lair:6   | Found a staircase to the Swamp.
 20239 | Lair:6   | Slain by a baby alligator

Action                   |  1- 3 |  4- 6 |  7- 9 | 10-12 | 13-15 || total
-------------------------+-------+-------+-------+-------+-------++-------
Melee: Short sword       |   151 |    33 |     9 |   102 |    74 ||   369
 Fire: Sling             |    11 |   117 |   389 |  1009 |   336 ||  1862
Invok: Heroism           |       |       |     1 |    10 |     3 ||    14
Evoke: Wand              |       |       |       |     5 |       ||     5
  Use: Scroll            |       |     7 |       |    19 |       ||    26
       Potion            |       |     6 |     6 |     5 |     2 ||    19
 Stab: Sleeping          |     2 |     2 |       |       |     1 ||     5
